 Dungeon Crawl Stone Soup version 0.19-a0-1035-gdbfb0c6 (webtiles) character file.

176098 Deemzul the Executioner (level 18, -13/184 HPs)
             Began as a Hill Orc Fighter on July 29, 2016.
             Was a High Priest of Cheibriados.
             Mangled by an iron troll (23 damage)
             ... on level 1 of the Depths.
             The game lasted 00:55:44 (30435 turns).

Deemzul the Executioner (Hill Orc Fighter)         Turns: 30435, Time: 00:55:44

Health: -13/184    AC: 28    Str: 41    XL:     18   Next: 12%
Magic:  21/30      EV:  7    Int: 23    God:    Cheibriados [*****.]
Gold:   1962       SH: 22    Dex: 24    Spells: 0 memorised, 17 levels left

rFire  . . .     SeeInvis .     D - +2 broad axe (chop)
rCold  . . .     Gourm    .     A - +3 plate armour {rPois}
rNeg   + . .     Faith    +     r - +2 large shield
rPois  +         Spirit   .     c - +0 helmet
rElec  .         Dismiss  .     w - +0 cloak
rCorr  .         Reflect  .     H - +0 pair of gloves
SustAt .         Harm     .     m - +0 pair of boots
MR     +....                    v - amulet of faith
Stlth  ..........               P - +2 ring of strength
                                I - ring of positive energy

@: slowed, very slow, somewhat resistant to hostile enchantments, extremely
unstealthy
A: slimy green scales 1, clever 1, robust 1, MP-powered wands
a: Bend Time, Temporal Distortion, Slouch, Step From Time, Renounce Religion


You were on level 1 of the Depths.
You worshipped Cheibriados.
Cheibriados was extremely pleased with you.
You were hungry.

You visited 8 branches of the dungeon, and saw 29 of its levels.
You visited the Abyss 1 time.
You also visited: Ossuary.

You collected 2633 gold pieces.
You spent 671 gold pieces at shops.

Inventory:

Hand Weapons
 a - a +0 war axe of draining
 D - a +2 broad axe of chopping (weapon)
Armour
 c - a +0 helmet (worn)
 m - a +0 pair of boots (worn)
 r - a +2 large shield (worn)
 w - a +0 cloak (worn)
 A - a +3 plate armour of poison resistance (worn)
 H - a +0 pair of gloves (worn)
Jewellery
 h - an uncursed ring of stealth
 v - an amulet of faith (around neck)
 E - an uncursed ring of protection from fire
 I - a ring of positive energy (left hand)
 P - a +2 ring of strength (right hand)
 S - an uncursed ring of teleportation
 Y - an uncursed ring of sustain attributes
Wands
 b - a wand of iceblast (8/15)
 d - a wand of paralysis (7/24)
 g - a wand of confusion (19/48)
 q - a wand of enslavement (16/24)
 z - a wand of polymorph (6/24)
 B - a wand of iceblast (6/15)
 K - a wand of lightning (8/15)
 L - a wand of paralysis (10/24)
 Q - a wand of paralysis (0/24)
 X - a wand of lightning (2/15)
Scrolls
 e - 2 scrolls of enchant weapon
 i - 10 scrolls of teleportation
 k - a scroll of amnesia
 l - a scroll of holy word
 p - 4 scrolls of magic mapping
 s - 4 scrolls of remove curse
 t - 24 scrolls of identify
 y - 5 scrolls of enchant armour
 N - a scroll of fear
 O - 2 scrolls of fog
 T - a scroll of recharging
 U - a scroll of silence
Potions
 n - 4 potions of brilliance
 o - 2 potions of curing
 u - 3 potions of magic
 x - a potion of cure mutation
 C - 3 potions of flight
 F - a potion of heal wounds
 R - 2 potions of invisibility
 Z - a potion of ambrosia
Books
 G - a book of the Warp

   Spells                             Type                      Level
   a - Recall                         Summoning/Translocation      3
   b - Gell's Gravitas                Hexes/Translocation          3
   c - Force Lance                    Conjuration/Translocation    4
   d - Warp Weapon                    Charms/Translocation         5
   e - Summon Forest                  Summoning/Translocation      5
 J - a book of Battle

   Spells                             Type                      Level
   a - Infusion                       Charms                       1
   b - Shroud of Golubria             Charms/Translocation         2
   c - Song of Slaying                Charms                       2
   d - Spectral Weapon                Hexes/Charms                 3
   e - Regeneration                   Charms/Necromancy            3
Miscellaneous
 W - a lamp of fire
Comestibles
 f - 15 bread rations
 j - 17 meat rations
 M - 2 beef jerkies
 V - 9 fruits


   Skills:
 + Level 16.5 Fighting
 * Level 23.1 Axes
 + Level 14.5 Armour
 + Level 2.7 Dodging
 + Level 5.2 Shields
 + Level 16.6 Invocations
 + Level 9.1 Evocations


You had 17 spell levels left.
You didn't know any spells.

Dungeon Overview and Level Annotations

Branches:
Dungeon (15/15)            Temple (1/1) D:4            Lair (6/6) D:8
 Shoals (1/4) Lair:3        Snake (1/4) Lair:3        Slime (0/5) Lair:6
    Orc (2/2) D:12            Elf (2/3) Orc:2        Vaults (0/5) D:13
 Depths (1/5) D:15

Altars:
Ashenzari
Cheibriados
Dithmenos
Elyvilon
Fedhas
Gozag
Hepliaklqana
Kikubaaqudgha
Makhleb
Nemelex Xobeh
Okawaru
Pakellas
Qazlal
Ru
Sif Muna
Trog
Uskayaw
Vehumet
Xom
Yredelemnul
Zin
The Shining One

Shops:
D:6 ?   D:7 *   D:9 *   D:11 }   D:14 *   Orc:1 ?:!**   Orc:2 %}*!

Portals:
Hell: Depths:1

Annotations:
D:14 exclusion: Roxanne, Roxanne
Lair:6 Herrn's ghost, legendary NaFE


Innate Abilities, Weirdness & Mutations

You are partially covered in slimy green scales. (AC +2)
Your mind is acute. (Int +2)
You are robust. (+10% HP)
You expend magic power (3 MP) to strengthen your wands.


Message History

Unknown command.
You are too injured to fight recklessly!
Your shield and plate armour prevent you from hitting the iron troll.
The iron troll is heavily wounded.
You barely miss the deep troll shaman.
You block the deep troll shaman's attack. x2
The deep troll shaman claws you!!
* * * LOW HITPOINT WARNING * * *
You block the iron troll's attack.
The iron troll claws you but does no damage.
You block the iron troll's attack.
Unknown command.
You slice the iron troll!!
The iron troll is severely wounded.
You hit the deep troll shaman but do no damage.
The deep troll shaman bites you!!
* * * LOW HITPOINT WARNING * * *
You block the deep troll shaman's attack. x2
The iron troll bites you!!
You die...

#...... #......
....... ......) ....†
#. .[)## .... #T†#
#......... #T@##
###..........
#)[)###............
##)................
##.................
###..................
#....#................
......................
.....................#
............†........#


You could see an iron troll and a deep troll shaman.

Vanquished Creatures
  Asterion (Elf:1)
  A storm dragon (D:14)
  A frost giant (Depths:1)
  A deep elf sorcerer (Elf:2)
  A draconian shifter (Abyss:3)
  An orc warlord (Orc:1)
  4 stone giants (Depths:1)
  A vampire knight (Depths:1)
  Nessos (Orc:2)
  An entropy weaver (Lair:5)
  A deep elf demonologist (Elf:1)
  A deep elf annihilator (Elf:1)
  2 ettins
  8 ogre magi
  A rakshasa (Depths:1)
  Harold (Orc:1)
  A fire dragon (Depths:1)
  4 vault guards (D:13)
  9 hydras
  2 great orbs of eyes (Depths:1)
  An ice dragon (Depths:1)
  A naga warrior (Snake:1)
  7 centaur warriors
  A merfolk avatar (Lair:6)
  3 dancing weapons (Elf:1)
  5 deep troll shamans (Depths:1)
  7 death yaks
  A deep troll earth mage (D:14)
  2 tengu warriors
  An orc high priest (Elf:1)
  Urug (D:11)
  3 deep elf knights
  A sun demon (Abyss:3)
  3 iron trolls (Depths:1)
  An unseen horror (shapeshifter) (Depths:1)
  A flayed ghost (D:10)
  4 unseen horrors
  A giant orange brain (Depths:1)
  3 sea snakes
  Pikel (D:6)
  4 deep elf archers (Elf:1)
  6 deep trolls (Depths:1)
  A naga ritualist (Snake:1)
  10 hill giants
  An orb spider (Abyss:3)
  2 orc knights
  3 orc sorcerers
  A cyclops (shapeshifter) (D:13)
  6 griffons
  2 necromancers (Depths:1)
  2 mana vipers (Lair:3)
  2 harpies (Lair:6)
  18 deep elf magi
  A salamander (Snake:1)
  3 manticores
  A stone giant zombie (Depths:1)
  4 cyclopes
  12 ugly things
  2 large abominations (Abyss:3)
  A griffon (shapeshifter) (D:14)
  A sixfirhy (Abyss:3)
  12 elephants
  2 torpor snails (Lair:6)
  4 black mambas
  A komodo dragon (shapeshifter) (Elf:1)
  2 gargoyles
  2 kobold demonologists
  8 komodo dragons
  5 centaur skeletons
  9 spiny frogs
  2 yaktaurs
  9 starcursed masses (Abyss:3)
  5 rime drakes
  An ancient zyme (Abyss:3)
  A harpy zombie (D:15)
  A troll (shapeshifter) (Depths:1)
  3 tengu conjurers
  11 trolls
  3 polar bears (Lair:6)
  The ghost of bezhaha the Poker, a novice VSSk of Makhleb (D:6)
  A merfolk (Shoals:1)
  6 meliai
  16 two-headed ogres
  A raiju (Abyss:3)
  A fire dragon zombie (Depths:1)
  30 slime creatures
  27 blink frogs
  A meliai zombie (D:14)
  A deep troll zombie (Depths:1)
  9 wyverns
  A shadow (D:15)
  The ghost of smajdalf the Zephyrmancer, an amateur TeAE of Vehumet (D:4)
  A yak (shapeshifter) (Depths:1)
  A redback (shapeshifter) (D:14)
  An air elemental (Elf:1)
  9 wraiths
  Sigmund (D:3)
  2 vampires
  5 fire bats
  A water elemental (Elf:1)
  7 basilisks
  A human (D:8)
  53 yaks
  Grum (D:8)
  2 fire elementals (Elf:1)
  8 hippogriffs
  2 hungry ghosts
  11 vampire mosquitoes
  8 wargs
  A mottled dragon (D:13)
  A redback simulacrum (D:15)
  3 nagas
  3 soldier ants
  Duvessa (D:5)
  11 water moccasins
  13 porcupines
  7 ice beasts
  4 slaves (D:6)
  A deep troll simulacrum (Depths:1)
  24 orc warriors
  6 sky beasts
  2 phantoms
  2 necrophages
  4 wasps
  3 black bears
  A boggart (D:14)
  13 wolves
  41 ogres
  18 centaurs
  20 crocodiles
  5 big kobolds
  14 giant frogs
  2 earth elementals (Elf:1)
  2 wyvern skeletons
  A small abomination (Abyss:3)
  14 scorpions
  Dowan (D:5)
  3 killer bees (D:11)
  7 wights
  5 howler monkeys
  4 electric eels
  8 crimson imps
  A quasit (D:9)
  8 centaur zombies
  18 orc priests
  2 giant frog skeletons
  8 hounds
  4 jellies
  Crazy Yiuf (D:6)
  24 orc wizards
  6 iguanas
  14 worker ants
  20 sheep
  A killer bee zombie (D:7)
  3 mummies (Ossuary)
  14 gnolls
  2 scorpion zombies (Ossuary)
  17 adders
  25 river rats
  6 shadow imps
  3 dart slugs
  4 worms
  7 giant geckos
  73 orcs
  11 bats
  7 giant cockroaches
  14 hobgoblins
  23 jackals
  3 quokkas
  2 ball pythons
  A giant gecko skeleton (D:4)
  5 giant newts
  A gnoll zombie (Ossuary)
  5 goblins
  2 goblin zombies (Ossuary)
  15 kobolds
  4 kobold zombies (Ossuary)
  5 rats
  3 fungi
  6 plants
1078 creatures vanquished.

Vanquished Creatures (collateral kills)
  A hydra (D:13)
1 creature vanquished.

Vanquished Creatures (others)
  A bush (Lair:3)
  18 fungi
  22 plants
41 creatures vanquished.

Grand Total: 1120 creatures vanquished

Notes
Turn   | Place    | Note
-------+----------+-------------------------------------------
     0 | D:1      | Deemzul the Hill Orc Fighter began the quest for the Orb.
     0 | D:1      | Reached XP level 1. HP: 19/19 MP: 1/1
    32 | D:1      | Reached skill level 3 in Axes
    37 | D:1      | Reached XP level 2. HP: 4/27 MP: 2/2
   958 | D:2      | Reached XP level 3. HP: 30/33 MP: 3/3
  1060 | D:2      | Reached skill level 4 in Axes
  1166 | D:2      | Reached XP level 4. HP: 30/41 MP: 4/4
  1518 | D:3      | Reached XP level 5. HP: 40/47 MP: 5/5
  1519 | D:3      | Reached skill level 5 in Axes
  1656 | D:3      | Found an opulent altar of Gozag.
  1672 | D:3      | Noticed Sigmund
  1673 | D:3      | Found a faded altar of an unknown god.
  1719 | D:3      | Killed Sigmund
  1719 | D:3      | Reached skill level 5 in Fighting
  1719 | D:3      | Reached skill level 6 in Axes
  1719 | D:3      | Reached XP level 6. HP: 25/56 MP: 6/6
  2376 | D:4      | Noticed smajdalf's ghost (amateur TeAE)
  2399 | D:5      | Entered Level 5 of the Dungeon
  2754 | D:5      | Reached skill level 5 in Armour
  2760 | D:5      | Reached XP level 7. HP: 59/62 MP: 7/7
  3049 | D:6      | Noticed Pikel
  3350 | D:4      | Killed smajdalf's ghost
  3350 | D:4      | Reached skill level 7 in Axes
  3554 | D:4      | Found a bloodstained altar of Trog.
  3554 | D:4      | Found a basalt altar of Yredelemnul.
  3586 | D:4      | Found a white marble altar of Elyvilon.
  3586 | D:4      | Found a glowing silver altar of Zin.
  3586 | D:4      | Found a deep blue altar of Sif Muna.
  3587 | D:4      | Found a radiant altar of Vehumet.
  3595 | D:4      | Found a sacrificial altar of Ru.
  3674 | D:4      | Found a staircase to the Ecumenical Temple.
  3714 | Temple   | Entered the Ecumenical Temple
  3866 | Temple   | Became a worshipper of Cheibriados the Contemplative
  4182 | D:4      | Reached skill level 8 in Axes
  4350 | D:5      | Noticed Dowan
  4352 | D:5      | Killed Dowan
  4392 | D:5      | Noticed Duvessa
  4400 | D:5      | Killed Duvessa
  4400 | D:5      | Reached XP level 8. HP: 55/71 MP: 8/8
  4493 | D:5      | Reached * piety under Cheibriados
  4559 | D:5      | Reached skill level 9 in Axes
  4562 | D:5      | Reached skill level 1 in Invocations
  4657 | D:6      | Noticed a wyvern
  4664 | D:6      | Killed a wyvern
  4667 | D:6      | Found Gionk's Magic Scroll Boutique.
  4679 | D:6      | Bought a scroll of enchant armour for 105 gold pieces
  4868 | D:6      | Reached skill level 10 in Axes
  4872 | D:6      | Noticed bezhaha's ghost (novice VSSk)
  4884 | D:6      | Killed Pikel
  4884 | D:6      | Reached XP level 9. HP: 23/81 MP: 10/12
  4885 | D:6      | Gained mutation: Your mind is acute. (Int +2) [potion of mutation]
  4885 | D:6      | Gained mutation: Your body sometimes deteriorates upon taking damage. [potion of mutation]
  4885 | D:6      | Gained mutation: You are agile. (Dex +2) [potion of mutation]
  4894 | D:6      | Gained mutation: Scrolls take you a little longer to read. [potion of mutation]
  4894 | D:6      | Gained mutation: Scrolls take you longer to read. [potion of mutation]
  4899 | D:6      | Killed bezhaha's ghost
  4899 | D:6      | Reached skill level 11 in Axes
  5119 | D:6      | Found a runed door.
  5123 | D:6      | Noticed Crazy Yiuf
  5131 | D:6      | Killed Crazy Yiuf
  5257 | D:7      | Reached skill level 5 in Invocations
  5358 | D:7      | Reached ** piety under Cheibriados
  5761 | D:7      | Found Oralu's Assorted Antiques.
  5767 | D:7      | Bought a brown potion for 30 gold pieces
  5767 | D:7      | Bought a scroll of identify for 68 gold pieces
  5849 | D:7      | Reached XP level 10. HP: 80/90 MP: 14/14
  5919 | D:7      | Gained mutation: Your mind is very acute. (Int +4) [mutagenic meat]
  5931 | D:7      | Gained mutation: You are weak. (Str -2) [mutagenic meat]
  5934 | D:7      | Gained mutation: You are robust. (+10% HP) [mutagenic meat]
  5952 | D:7      | Reached skill level 12 in Axes
  6136 | D:8      | Found a hide-covered altar of Uskayaw.
  6186 | D:8      | Found a sand-covered staircase.
  6191 | Ossuary  | Entered an ossuary
  6225 | Ossuary  | Reached *** piety under Cheibriados
  6555 | D:8      | Noticed Grum
  6884 | D:8      | Killed Grum
  7491 | D:8      | Reached **** piety under Cheibriados
  7546 | D:8      | Reached skill level 13 in Axes
  7571 | D:8      | Found a staircase to the Lair.
  7863 | D:9      | Found Ymyd's General Store.
  7903 | D:9      | Reached XP level 11. HP: 94/108 MP: 15/17
  7971 | D:9      | Found a shattered altar of Ashenzari.
  8048 | D:9      | Reached skill level 10 in Fighting
  8334 | D:9      | Killed an unseen horror
  8433 | D:10     | Entered Level 10 of the Dungeon
  8466 | D:10     | Reached skill level 14 in Axes
  8600 | D:10     | Reached ***** piety under Cheibriados
  8621 | D:10     | Noticed a hill giant
  8627 | D:10     | Killed a hill giant
  9026 | D:10     | Found a sacrificial altar of Ru.
  9085 | D:10     | Found a bloodstained altar of Trog.
  9106 | D:10     | Found a stormy altar of Qazlal.
  9110 | D:10     | Found a runed door.
  9159 | D:10     | Found a stormy altar of Qazlal.
  9180 | D:10     | Found a shimmering altar of Xom.
  9185 | D:10     | Found an opulent altar of Gozag.
  9346 | D:10     | Noticed a flayed ghost
  9351 | D:10     | Killed a flayed ghost
  9524 | D:10     | Reached skill level 15 in Axes
  9567 | D:11     | Found Igrybbeu's Gadget Shoppe.
  9596 | D:11     | Noticed Urug
  9604 | D:11     | Killed Urug
  9656 | D:11     | Reached skill level 10 in Armour
  9671 | D:11     | Lost mutation: Scrolls take you longer to read. [mutagenic meat]
  9674 | D:11     | Lost mutation: You are robust. (+10% HP) [mutagenic meat]
  9677 | D:11     | Gained mutation: Your spells are a little harder to cast, but a little more powerful. [mutagenic meat]
  9680 | D:11     | Gained mutation: You are robust. (+10% HP) [mutagenic meat]
  9690 | D:11     | Noticed a cyclops
  9692 | D:11     | Reached XP level 12. HP: 73/121 MP: 19/19
  9700 | D:11     | Reached skill level 10 in Invocations
  9995 | D:11     | Gained mutation: You passively map a small area around you. [mutagenic meat]
  9998 | D:11     | Gained mutation: You are partially covered in slimy green scales. (AC +2) [mutagenic meat]
 10001 | D:11     | Lost mutation: Your body sometimes deteriorates upon taking damage. [mutagenic meat]
 10079 | D:11     | Reached ****** piety under Cheibriados
 10444 | D:11     | Noticed a seven-headed hydra
 10450 | D:11     | Killed a seven-headed hydra
 10450 | D:11     | Reached skill level 16 in Axes
 10885 | D:12     | Found a burning altar of Makhleb.
 11094 | D:12     | Found a staircase to the Orcish Mines.
 11107 | Orc:1    | Entered Level 1 of the Orcish Mines
 11107 | Orc:1    | Found Liunam's Distillery.
 11107 | Orc:1    | Found Nill's Book Emporium.
 11141 | Orc:1    | Found Tefoiree's Assorted Antiques.
 11186 | Orc:1    | Bought a grey potion for 27 gold pieces
 11186 | Orc:1    | Bought a scroll of identify for 60 gold pieces
 11214 | Orc:1    | Found Jifaloc's Magic Scroll Emporium.
 11296 | Orc:2    | Entered Level 2 of the Orcish Mines
 11476 | Orc:2    | Noticed an ogre mage
 11477 | Orc:2    | Noticed an ogre mage
 11477 | Orc:2    | Noticed an ogre mage
 11478 | Orc:2    | Noticed an ogre mage
 11479 | Orc:2    | Paralysed by an ogre mage for 4 turns
 11494 | Orc:2    | Killed an ogre mage
 11494 | Orc:2    | Reached skill level 17 in Axes
 11494 | Orc:2    | Reached XP level 13. HP: 110/129 MP: 21/21
 11605 | Orc:1    | Noticed Harold
 11702 | Orc:2    | Noticed Nessos
 12396 | D:12     | Reached skill level 18 in Axes
 12907 | D:13     | Gained mutation: You expend magic power (3 MP) to strengthen your wands. [mutagenic meat]
 13145 | D:13     | Reached skill level 1 in Evocations
 13174 | D:13     | Found a gate to the Vaults.
 13174 | D:13     | Noticed a vault guard
 13174 | D:13     | Noticed a vault guard
 13174 | D:13     | Noticed a vault guard
 13175 | D:13     | Noticed a vault guard
 13186 | D:13     | Killed a vault guard
 13192 | D:13     | Killed a vault guard
 13195 | D:13     | Reached XP level 14. HP: 84/141 MP: 17/23
 13697 | D:13     | Lost mutation: You are agile. (Dex +2) [mutagenic meat]
 14227 | Orc:2    | Killed Nessos
 14322 | Orc:2    | Found Vegetoupn's General Store.
 14322 | Orc:2    | Found Zewnutuv's Distillery.
 14323 | Orc:2    | Found Pitur's Food Shop.
 14323 | Orc:2    | Found Kahougih's Gadget Shoppe.
 14330 | Orc:2    | Bought a potion of flight for 51 gold pieces
 14334 | Orc:2    | Bought a potion of cure mutation for 250 gold pieces
 14334 | Orc:2    | Bought a potion of lignification for 30 gold pieces
 14334 | Orc:2    | Bought a potion of berserk rage for 50 gold pieces
 14334 | Orc:2    | Lost mutation: You are robust. (+10% HP) [potion of cure mutation]
 14334 | Orc:2    | Lost mutation: Scrolls take you a little longer to read. [potion of cure mutation]
 14334 | Orc:2    | Lost mutation: You passively map a small area around you. [potion of cure mutation]
 14334 | Orc:2    | Lost mutation: Your mind is very acute. (Int +4) [potion of cure mutation]
 14334 | Orc:2    | Lost mutation: You are weak. (Str -2) [potion of cure mutation]
 14376 | Orc:2    | Found a staircase to the Elven Halls.
 14383 | Orc:2    | Reached skill level 19 in Axes
 14933 | Orc:1    | Found Sushrism's Assorted Antiques.
 14935 | Orc:1    | Noticed an orc warlord
 14957 | Orc:1    | Killed an orc warlord
 14964 | Orc:1    | Killed Harold
 15361 | Lair:1   | Entered Level 1 of the Lair of Beasts
 17709 | Lair:3   | Found a staircase to the Snake Pit.
 17796 | Lair:3   | Found a staircase to the Shoals.
 18305 | Lair:4   | Reached XP level 15. HP: 136/138 MP: 25/25
 18393 | Lair:4   | Got a spiked chain mail
 18408 | Lair:4   | Identified the +3 chain mail of Hoshryo {+Fly rC+ Int+4} (You found it on level 4 of the Lair of Beasts)
 18708 | Lair:4   | Reached skill level 20 in Axes
 18736 | Lair:4   | Reached skill level 5 in Evocations
 19935 | Lair:6   | Entered Level 6 of the Lair of Beasts
 20125 | Lair:6   | Noticed Herrn's ghost (legendary NaFE)
 21335 | Lair:6   | Found a staircase to the Slime Pits.
 21540 | Snake:1  | Entered Level 1 of the Snake Pit
 21960 | Lair:3   | Reached XP level 16. HP: 83/147 MP: 27/27
 22008 | Lair:3   | HP: 7/147 [poisoned by a black mamba]
 22013 | Lair:3   | HP: 7/147 [poisoned by a black mamba]
 22019 | Lair:3   | HP: 7/147 [poisoned by a black mamba]
 22428 | Lair:3   | Reached skill level 21 in Axes
 22806 | Snake:1  | Reached skill level 15 in Fighting
 22821 | Shoals:1 | Entered Level 1 of the Shoals
 23301 | Lair:3   | Reached skill level 15 in Invocations
 23765 | Elf:1    | Entered Level 1 of the Elven Halls
 24312 | Elf:1    | Noticed Asterion
 24323 | Elf:1    | Killed Asterion
 24919 | Elf:1    | Identified the Papyrus of Attacks (You found it on level 1 of the Elven Halls)
 25728 | Elf:2    | Cast into level 3 of the Abyss (a deep elf sorcerer)
 25742 | Abyss:3  | Found a corrupted altar of Lugonu.
 25786 | Abyss:3  | Noticed a revenant
 25837 | Abyss:3  | Noticed a bone dragon
 25846 | Abyss:3  | HP: 4/149 [bone dragon (7)]
 25959 | Elf:2    | Escaped the Abyss
 26335 | D:14     | Found a large runed door.
 26336 | D:14     | Found a large runed door.
 26344 | D:14     | Reached skill level 22 in Axes
 26578 | D:14     | Reached XP level 17. HP: 91/157 MP: 28/28
 26697 | D:14     | Found a shimmering altar of Xom.
 26707 | D:14     | Found a deep blue altar of Sif Muna.
 27138 | D:14     | Found Ysumooff's General Store.
 27142 | D:14     | Noticed Roxanne
 27656 | D:15     | Entered Level 15 of the Dungeon
 27810 | D:15     | Found a staircase to the Depths.
 28566 | Depths:1 | Entered Level 1 of the Depths
 28589 | Depths:1 | Gained mutation: You are robust. (+10% HP) [mutagenic meat]
 28597 | Depths:1 | Lost mutation: Your spells are a little harder to cast, but a little more powerful. [mutagenic meat]
 29035 | Depths:1 | Found a gateway to Hell.
 29077 | Depths:1 | Reached skill level 1 in Dodging
 30124 | Depths:1 | Reached skill level 23 in Axes
 30356 | Depths:1 | Reached skill level 5 in Shields
 30356 | Depths:1 | Reached XP level 18. HP: 183/183 MP: 24/30
 30435 | Depths:1 | Mangled by an iron troll

Vault maps used:
D:1:      minmay_arrival_plants_in_alcoves, serial_bayou_pond_b
D:2:      grunt_decor_one_mirror, minmay_tetromino_l2
D:3:      lemuel_crystal_altar, first_bread, ecumenical_altar_2, uniq_sigmund
D:4:      minitemple
D:5:      uniq_duvessa
D:6:      serial_shops, shop, roderic_digamma_sauvastika, uniq_pikel,
          uniq_crazy_yiuf_cottage
D:7:      serial_shops, shop
D:8:      kennysheep_little_box, lair_0_dummy,
          nicolae_ossuary_entry_false_entrances, grunt_livestock,
          lemuel_old_faithful, uniq_grum
D:9:      ashenzari_altar_1, serial_shops,
          nicolae_shop_competitors_out_of_business
D:10:     due_megacathedral
D:11:     serial_shops, shop_coins, st_stairs_4, lemuel_flamethrower_1,
          uniq_urug
D:12:     erik_orc_3, bloody_makhleb
D:13:     lightli_vaults_fourway_checkpoint, serial_park_tiny_pond
D:14:     serial_shops, shop, minmay_misc_feat_diagonals,
          minmay_variable_closet, jmf_multi_god_temple2, uniq_roxanne
D:15:     hangedman_depths_entry_civil_slaughter, small_statue_alley_a
Temple:   hc_temple_tempest_star
Lair:1:   grunt_megastairs_4, infiniplex_staircase_pool
Lair:2:   st_stairs_4, serial_bayou_lake_a
Lair:3:   elwin_shoals_entry_rocks, guppyfry_snake_entry_garden,
          grunt_forest_stairs_basic, st_stairs_6
Lair:4:   hangedman_lair_generics_rect
Lair:5:   kennysheep_basilisk_garden
Lair:6:   gammafunk_lair_ancient_temple, slime_dummy
Shoals:1: nicolae_shoals_water_shrine
Snake:1:  nicolae_snake_nest, serial_shops, shop, st_stairs_6, minmay_shoptagon,
          uniq_frances
Orc:1:    serial_shops, shop, shop, nicolae_shop_behind_doors,
          nicolae_shop_temple_entry_statues_fountains, shop, uniq_harold
Orc:2:    st_orc_ogre_mass, uniq_nessos
Elf:1:    minmay_elf_annihilation, uniq_asterion
Elf:2:    basic_altar, enter_trove_5
Depths:1: hell_entry, kennysheep_pointless_box, kennysheep_kite_vault,
          firewood_loft
Abyss:3:  hangedman_abyss_stitches_cave, hangedman_decor_lopped
Ossuary:  ossuary_minmay_scorpions

Skill      XL: |  1  2  3  4  5  6  7  8  9 10 11 12 13 14 15 16 17 |
---------------+----------------------------------------------------+-----
Axes           | 3 4 6 8 10 11 13 15 17 18 19 20 22 23 | 23.1
Fighting       | 4 5 6 7 8 9 11 12 13 14 15 16 | 16.5
Armour         | 4 5 7 8 10 11 12 13 14 | 14.5
Invocations    | 4 5 8 9 11 12 13 14 15 16 | 16.6
Evocations     | 1 4 6 8 9 |  9.1
Dodging        | 2 |  2.7
Shields        | 5 |  5.2

Action                   |  1- 3 |  4- 6 |  7- 9 | 10-12 | 13-15 | 16-18 || total
-------------------------+-------+-------+-------+-------+-------+-------++-------
Melee: War axe           |   101 |   103 |   254 |   662 |  1073 |   185 ||  2378
       Broad axe         |       |       |       |       |       |   582 ||   582
Invok: Bend Time         |       |       |     2 |     3 |     7 |     2 ||    14
       Slouch            |       |       |       |     1 |    21 |    15 ||    37
       Step From Time    |       |       |       |       |     2 |     3 ||     5
Evoke: Lamp of fire      |       |       |       |     1 |     4 |     2 ||     7
       Wand              |       |       |       |       |    22 |    23 ||    45
       Phantom mirror    |       |       |       |       |     1 |       ||     1
  Use: Potion            |       |     2 |     8 |       |     8 |    10 ||    28
       Scroll            |       |       |     6 |    10 |     9 |       ||    25
 Stab: Sleeping          |       |       |       |     1 |       |       ||     1
       Paralysed         |       |       |       |       |    10 |     2 ||    12
  Eat: Chunk             |     1 |     4 |     7 |    26 |    25 |    19 ||    82
       Royal jelly       |       |       |     1 |       |       |     1 ||     2
       Beef jerky        |       |       |       |       |     1 |       ||     1
Armor: Scale mail        |    49 |    58 |    82 |   154 |    27 |       ||   370
       Plate armour      |       |       |       |       |   242 |   345 ||   587
       Chain mail        |       |       |       |       |   204 |    35 ||   239
Dodge: Dodged            |    33 |    37 |    62 |    75 |   117 |    80 ||   404
Block: Shield            |    48 |    61 |    96 |       |       |       ||   205
       Large shield      |       |       |    16 |   573 |  1068 |   761 ||  2418
